Map: Hard Lead LE

Players

Stats - Winner!

  • Race: Protoss Protoss
  • League: Master
  • Spawn Location: 5:00

sOs

  • Race: Protoss Protoss
  • League: Master
  • Spawn Location: 11:00

Event: IEM Katowice 2024

VOD

Have the link to the VOD?

Description

Time

  • Played on: Dec. 6, 2023, 6:53 a.m.
  • Length: 10:25

All games in this series

Show
View Real Time Build Order
Export as new Build Order

Stats Protoss - Winner!

Build Orders:  

Get SALT Encoding   

  12  0:00  Probe  
  13  0:12  Probe  
  14  0:17  Pylon  
  14  0:24  Probe (Chrono Boost)  
  15  0:36  Gateway, Probe (Chrono Boost)  
  16  0:44  Probe (Chrono Boost)  
  16  0:45  Assimilator  
  17  0:51  Probe  
  17  0:54  Assimilator  
  18  1:03  Probe (Chrono Boost)  
  19  1:08  Gateway  
  19  1:14  Probe (Chrono Boost)  
  20  1:19  Probe (Chrono Boost)  
  20  1:24  Cybernetics Core  
  21  1:29  Probe  
  22  1:34  Pylon  
  22  1:41  Probe  
  23  1:53  Probe  
  24  2:00  Stalker  
  24  2:01  Stalker  
  28  2:03  Warp Gate  
  28  2:09  Probe  
  29  2:15  Pylon  
  29  2:31  Stalker  
  29  2:33  Stalker  
  33  2:55  Nexus  
  33  3:01  Sentry  
  33  3:03  Sentry  
  37  3:08  Pylon  
  37  3:10  Probe  
  38  3:22  Probe  
  39  3:34  Twilight Council  
  39  3:37  Probe  
  40  3:49  Probe  
  40  3:52  Adept x2  
  43  4:01  Pylon, Probe  
  43  4:02  Blink (Chrono Boost)  
  44  4:14  Stalker  
  44  4:15  Stalker  
  48  4:22  Gateway  
  48  4:27  Probe x2  
  50  4:40  Stalker x2  
  53  4:52  Probe x2  
  55  4:54  Robotics Facility  
  53  5:03  Gateway  
  51  5:08  Adept x2  
  55  5:15  Probe x2 (Chrono Boost)  
  55  5:20  Forge  
  57  5:27  Shield Battery  
  57  5:30  Pylon  
  53  5:38  Stalker  
  53  5:40  Probe  
  53  5:41  Probe (Chrono Boost)  
  56  5:47  Observer  
  57  5:50  Protoss Ground Weapons Level 1 (Chrono Boost)  
  57  5:53  Probe (Chrono Boost)  
  59  5:58  Probe (Chrono Boost)  
  59  6:02  Probe (Chrono Boost)  
  60  6:05  Charge  
  60  6:06  Probe (Chrono Boost)  
  60  6:07  Probe  
  60  6:08  Gateway  
  62  6:17  Probe  
  63  6:19  Probe  
  63  6:20  Assimilator  
  63  6:21  Gateway  
  63  6:23  Pylon  
  64  6:30  Immortal  
  68  6:35  Probe x2  
  70  6:40  Pylon  
  70  6:41  Pylon  
  71  6:47  Probe  
  71  7:10  Immortal  
  75  7:22  Nexus  
  71  7:25  Pylon  
  71  7:27  Templar Archives  
  71  7:29  Gateway  
  71  7:30  Gateway  
  71  7:34  Zealot x3  
  77  7:37  Zealot  
  77  7:42  Protoss Ground Weapons Level 2 (Chrono Boost)  
  79  7:50  Warp Prism  
  81  7:57  Probe x2  
  83  8:01  Shield Battery  
  83  8:09  Probe  
  83  8:10  High Templar x2, Zealot, Probe  
  83  8:12  Zealot  
  91  8:22  Archon  
  91  8:27  Stalker x2  
  93  8:29  Phoenix  
  93  8:31  Probe  
  96  8:42  Probe x2  
  96  8:47  Gateway  
  98  8:48  Gateway  
  98  8:52  Observer  
  99  9:06  Zealot x3  
  99  9:07  Zealot  
  99  9:08  Zealot  
  109  9:12  Zealot  
  109  9:14  Pylon  
  109  9:16  Pylon  
  111  9:18  Probe x2  
  113  9:35  Stalker x2  
  113  9:38  Stalker x4  
  125  9:41  Stalker  
  125  9:44  Stalker  
  119  10:10  Zealot x8  
Show
View Real Time Build Order
Export as new Build Order

sOs Protoss 

Build Orders: Mass Adepts 

Get SALT Encoding   

  12  0:00  Probe  
  13  0:12  Probe  
  14  0:17  Pylon  
  14  0:24  Probe (Chrono Boost)  
  15  0:36  Gateway, Probe (Chrono Boost)  
  16  0:43  Probe (Chrono Boost)  
  16  0:46  Assimilator  
  17  0:51  Probe  
  18  1:03  Probe (Chrono Boost)  
  19  1:04  Assimilator  
  19  1:09  Gateway  
  19  1:12  Probe (Chrono Boost)  
  19  1:17  Probe (Chrono Boost)  
  20  1:24  Cybernetics Core  
  21  1:29  Probe  
  22  1:35  Pylon  
  22  1:41  Probe  
  23  1:53  Probe  
  24  1:58  Warp Gate (Chrono Boost)  
  24  2:00  Adept x2  
  28  2:07  Pylon  
  28  2:14  Pylon  
  28  2:28  Pylon  
  28  2:30  Adept  
  28  2:32  Adept  
  32  2:53  Nexus  
  32  3:02  Adept x2  
  36  3:09  Pylon  
  36  3:19  Robotics Facility  
  36  3:20  Probe  
  35  3:40  Adept  
  35  3:41  Adept  
  39  3:44  Probe  
  40  3:57  Pylon  
  40  4:05  Probe x2 (Chrono Boost)  
  40  4:06  Immortal (Chrono Boost)  
  46  4:15  Probe (Chrono Boost)  
  46  4:16  Probe (Chrono Boost)  
  48  4:18  Sentry x2  
  48  4:20  Probe (Chrono Boost)  
  53  4:27  Pylon  
  53  4:28  Probe  
  51  4:41  Adept x2  
  50  4:58  Probe x2  
  50  5:03  Sentry x2  
  49  5:08  Immortal  
  53  5:15  Probe (Chrono Boost)  
  53  5:21  Probe (Chrono Boost)  
  55  5:22  Shield Battery  
  55  5:25  Probe (Chrono Boost)  
  56  5:33  Stalker  
  54  5:45  Probe (Chrono Boost)  
  54  5:49  Observer  
  57  5:50  Probe (Chrono Boost)  
  57  5:52  Twilight Council  
  57  5:57  Shield Battery  
  57  5:59  Probe (Chrono Boost)  
  57  6:00  Probe (Chrono Boost)  
  59  6:11  Probe (Chrono Boost)  
  59  6:13  Forge  
  59  6:16  Probe (Chrono Boost)  
  61  6:26  Probe (Chrono Boost)  
  61  6:28  Probe (Chrono Boost)  
  61  6:31  Blink  
  61  6:34  Gateway, Stalker  
  61  6:36  Gateway  
  63  6:43  Warp Prism  
  63  6:45  Probe x2  
  65  6:49  Protoss Ground Weapons Level 1  
  65  6:53  Assimilator  
  65  7:02  Stalker  
  65  7:05  Pylon  
  65  7:07  Probe  
  62  7:24  Pylon  
  62  7:25  Probe (Chrono Boost)  
  62  7:27  Probe (Chrono Boost)  
  63  7:30  Probe (Chrono Boost)  
  63  7:32  Immortal  
  63  7:33  Probe (Chrono Boost)  
  69  7:40  Probe  
  69  7:42  Stalker  
  68  7:45  Probe  
  66  7:58  Gateway  
  66  7:59  Gateway x2  
  64  8:13  Sentry x2  
  64  8:14  Immortal  
  72  8:26  Robotics Bay  
  72  8:37  Assimilator, Charge (Chrono Boost)  
  72  8:41  Pylon  
  72  8:42  Pylon  
  72  8:56  Zealot x3  
  72  9:01  Pylon  
  78  9:10  Disruptor (Chrono Boost)  
  82  9:20  Nexus  
  82  9:25  Zealot x3, Shield Battery  
  88  9:31  Probe x2  
  88  9:35  Disruptor (Chrono Boost)  
  90  9:43  Probe x2  
  96  9:45  Zealot  
  98  9:58  Zealot x3  
  100  10:01  Zealot  
  102  10:11  Zealot x2  
  102  10:14  Zealot  
  50  10:21  Zealot  
  50  10:22  Zealot  

Tags
 
Add a new tag
Caveats
  • Supply blocks, unpowered buildings, or Contaminate may cause inaccurate times.
  • Supply counts are checked every 10 seconds.